 Dungeon Crawl Stone Soup version 0.22.1-1-ga44c0e5 (webtiles) character file.

410 gbos the Digger (level 6, -2/32 HPs)
             Began as a Gargoyle Earth Elementalist on Oct 26, 2018.
             Slain by a centaur (7 damage)
             ... on level 5 of the Dungeon.
             The game lasted 00:10:41 (4050 turns).

gbos the Digger (Gargoyle Earth Elementalist)       Turns: 4050, Time: 00:10:42

Health: -2/32      AC:  8    Str: 11    XL:     6   Next: 89%
Magic:  12/12      EV: 12    Int: 18    God:
Gold:   253        SH:  0    Dex: 10    Spells: 3/14 levels left

rFire    . . .     SeeInvis .   E - +1 hand axe (chop)
rCold    . . .     Gourm    .   (no shield)
rNeg     + . .     Faith    .   c - +0 robe
rPois    ∞         Spirit   .   (no helmet)
rElec    +         Reflect  .   (no cloak)
rCorr    .         Harm     .   C - +0 pair of gloves
MR       .....                  A - +0 pair of boots
Stlth    ++........             (no amulet)
HPRegen  0.10/turn              (no ring)
MPRegen  0.13/turn              (no ring)

@: no status effects
A: negative energy resistance 1, electricity resistance, unbreathing,
petrification resistance, rot immunity, AC +4
a: no special abilities


You were on level 5 of the Dungeon.
You were not hungry.

You visited 1 branch of the dungeon, and saw 5 of its levels.
You also visited: Sewer.

You collected 253 gold pieces.

Inventory:

Hand Weapons
 e - a +0 club
 i - a +0 whip
 E - a +1 hand axe of chopping (weapon)
Missiles
 b - 110 stones (quivered)
Armour
 c - a +0 robe (worn)
 x - a +0 pair of gloves
 A - a +0 pair of boots (worn)
 C - a +0 pair of gloves (worn)
Jewellery
 m - an uncursed ring of poison resistance
 y - an uncursed amulet of faith {unknown}
 B - an uncursed ring of stealth {unknown}
Scrolls
 a - 2 scrolls of teleportation
 n - a scroll of fog {unknown}
 q - 4 scrolls of fear {unknown}
 r - a scroll of blinking {unknown}
 u - a scroll of remove curse {unknown}
 v - a scroll of enchant weapon {unknown}
 w - a scroll of immolation {unknown}
 z - a scroll of identify
 D - a scroll of magic mapping {unknown}
Potions
 f - 2 potions of brilliance {unknown}
 g - a potion of degeneration {unknown}
 h - a potion of mutation {unknown}
 j - 2 potions of flight {unknown}
 k - 2 potions of haste {unknown}
 l - a potion of agility {unknown}
 o - 4 potions of heal wounds {unknown}
 s - a potion of might {unknown}
 t - a potion of lignification {unknown}
Comestibles
 d - 5 rations
 F - 2 chunks of flesh


   Skills:
 - Level 0.5 Maces & Flails
 - Level 1.8 Dodging
 - Level 2.5 Stealth
 - Level 0.2 Unarmed Combat
 + Level 4.5 Spellcasting
 - Level 0.7 Transmutations
 + Level 6.7 Earth Magic


You had 3 spell levels left.
You knew the following spells:

 Your Spells              Type           Power        Failure   Level  Hunger
a - Sandblast             Erth           ####..       1%          1    None
b - Passwall              Tmut/Erth      ###.....     4%          2    #......
c - Stone Arrow           Conj/Erth      ###...       11%         3    ###....
d - Lee's Rapid Deconstr  Erth           ####......   24%         5    ######.

Your spell library contained the following spells:

 Spells                   Type           Power        Failure   Level  Hunger
 Confusing Touch          Hex            #.....       14%         1    None
 Confuse                  Hex            #.......     38%         3    ###....
 Gell's Gravitas          Tloc           #.........   38%         3    ###....
 Petrify                  Tmut/Erth      ###.....     30%         4    ####...
 Metabolic Englaciation   Hex/Ice        #.........   98%         5    ######.
 Yara's Violent Unravell  Hex/Tmut       #.........   98%         5    ######.


Dungeon Overview and Level Annotations

Branches:
Dungeon (5/15)
 Temple: D:4-7

Altars:
Dithmenos
Gozag
Qazlal
Wu Jian
The Shining One

Shops:
D:4 =

Annotations:
D:4 Eustachio


Innate Abilities, Weirdness & Mutations

You are resistant to torment.
Your stone body is resilient. (AC +4)
You are immune to poison.
You resist negative energy. (rN+)
You are resistant to electric shocks. (rElec)
You can survive without breathing.
You are immune to petrification.
You are immune to rotting.


Message History

A centaur comes into view.
Found 10 stones.
The centaur shouts!
Found a blue potion.
There is a shadowy altar of Dithmenos here.
The centaur wields a shortbow.
The centaur shoots an arrow.
The arrow hits you.
The centaur shoots an arrow.
The arrow hits you!
The centaur shoots an arrow.
The arrow hits you!
* * * LOW HITPOINT WARNING * * *
You see here 2 arrows.
Unknown command.
You feel better.
The centaur shoots an arrow.
The arrow misses you.
You feel better.
The centaur shoots an arrow.
The arrow hits you.
The centaur shoots an arrow.
The arrow hits you.
The centaur shoots an arrow.
The arrow hits you!
* * * LOW HITPOINT WARNING * * *
You see here 2 arrows.
The centaur unwields an uncursed shortbow.
The centaur hits you!
You die...

#.........#.##.
#............#
#..#..####§.§##
#..##.###§§§§§# ##
#..##.##§§...§§##.#
#.....#§§§(.§§§§#.#
#......§§§...§.§..#
#.#.....§.._.(....#
#.#(...§......(.@c#
###...#§§§..§§§.#..#
# ...##§.§.§§§###.#
#§§..§# .# #§.§# #
... ..#.#


You could see a centaur.

Vanquished Creatures
  A phantom (D:4)
  2 orc priests (D:4)
  Jessica (D:3)
  2 worker ants
  5 river rats (Sewer)
  3 adders
  2 oozes
  A worm (D:3)
  2 dart slugs
  2 leopard geckos
  9 orcs
  5 bats
  4 giant cockroaches
  6 goblins
  9 hobgoblins
  4 jackals (D:4)
  3 quokkas
  9 ball pythons
  8 frilled lizards
  9 kobolds
  16 rats
103 creatures vanquished.

Notes
Turn   | Place    | Note
-------+----------+-------------------------------------------
     0 | D:1      | gbos the Gargoyle Earth Elementalist began the quest for
                  | the Orb.
     0 | D:1      | Reached XP level 1. HP: 10/10 MP: 3/3
    50 | D:1      | Reached XP level 2. HP: 11/15 MP: 0/5
   359 | D:1      | Reached skill level 4 in Earth Magic
   476 | D:1      | Reached XP level 3. HP: 2/19 MP: 0/6
  1234 | D:2      | Found an ornate altar of the Wu Jian Council.
  1242 | D:2      | Found an opulent altar of Gozag.
  1361 | D:2      | Learned a level 2 spell: Passwall
  1847 | D:3      | Reached XP level 4. HP: 24/24 MP: 3/8
  1923 | D:3      | Found a glowing drain.
  1932 | D:3      | Noticed Jessica
  1936 | Sewer    | Entered a sewer
  1977 | Sewer    | Reached skill level 5 in Earth Magic
  2298 | Sewer    | Reached XP level 5. HP: 20/28 MP: 5/9
  2699 | D:3      | Found a stormy altar of Qazlal.
  2700 | D:3      | Noticed a water elemental
  2732 | D:3      | Noticed a fire elemental
  2732 | D:3      | Noticed an air elemental
  2743 | D:3      | Learned a level 3 spell: Stone Arrow
  2864 | D:3      | Found a faded altar of an unknown god.
  2899 | D:3      | Killed Jessica
  3025 | D:3      | Found a glowing golden altar of the Shining One.
  3212 | D:4      | Noticed a phantom
  3226 | D:4      | Killed a phantom
  3226 | D:4      | Reached skill level 6 in Earth Magic
  3226 | D:4      | Reached XP level 6. HP: 27/32 MP: 2/12
  3264 | D:4      | Learned a level 5 spell: Lee's Rapid Deconstruction
  3280 | D:4      | Found Giequevi's Jewellery Shop.
  3619 | D:4      | Noticed Eustachio
  3729 | D:5      | Entered Level 5 of the Dungeon
  4037 | D:5      | Found a shadowy altar of Dithmenos.
  4050 | D:5      | Slain by a centaur

Skill      XL: |  1  2  3  4  5 |
---------------+----------------+-----
Earth Magic    | 4 5 6 |  6.7
Spellcasting   | 3 4 |  4.5
Maces & Flails | |  0.5
Dodging        | |  1.8
Stealth        | |  2.5
Unarmed Combat | |  0.2
Transmutations | |  0.7

Action                   |  1- 3 |  4- 6 || total
-------------------------+-------+-------++-------
Melee: Unarmed           |     9 |       ||     9
       Club              |    52 |       ||    52
       Whip              |    59 |   198 ||   257
       Hand axe          |       |    15 ||    15
 Cast: Sandblast         |    34 |    45 ||    79
       Stone Arrow       |       |     1 ||     1
  Use: Scroll            |       |     4 ||     4
       Potion            |       |     2 ||     2
 Stab: Sleeping          |     1 |     4 ||     5
  Eat: Chunk             |     4 |     7 ||    11
Armor: Robe              |    61 |   134 ||   195
Dodge: Dodged            |   123 |   199 ||   322
